 Dungeon Crawl Stone Soup version 0.21.1-1-g345015f (webtiles) character file.

79 Fortress the Vexing (level 4, 0/30 HPs)
             Began as a Vampire Enchanter on June 5, 2018.
             Slain by an orc
             ... wielding a +0 flail
              (4 damage)
             ... on level 2 of the Dungeon.
             The game lasted 00:21:33 (1842 turns).

Fortress the Vexing (Vampire Enchanter)             Turns: 1842, Time: 00:21:33

Health: 0/30       AC:  4    Str:  7 (8)  XL:     4   Next: 16%
Magic:  4/7        EV: 12    Int: 19 (22) God:
Gold:   95         SH:  0    Dex: 12 (14) Spells: 6/7 levels left

rFire    . . .     SeeInvis +   h - +3 dagger
rCold    . . .     Gourm    .   (no shield)
rNeg     + . .     Faith    .   j - +0 leather armour
rPois    .         Spirit   .   (no helmet)
rElec    .         Reflect  .   x - +0 cloak
rCorr    .         Harm     .   (no gloves)
MR       .....                  (no boots)
Stlth    +++.......             (no amulet)
HPRegen  0.10/turn              (no ring)
MPRegen  0.10/turn              (no ring)

@: brilliant
A: fangs 3, see invisible, unbreathing
a: Bat Form


You were on level 2 of the Dungeon.
You were not thirsty.

You visited 1 branch of the dungeon, and saw 3 of its levels.

You collected 95 gold pieces.

Inventory:

Hand Weapons
 h - a +3 dagger (weapon)
 w - a +0 hunting sling
Missiles
 b - 23 sling bullets
 e - 96 arrows
 f - 76 stones (quivered)
 m - 19 bolts
 p - 14 poisoned needles
 r - 2 throwing nets
Armour
 j - a +0 leather armour (worn)
 x - a +0 cloak (worn)
Scrolls
 g - a scroll of teleportation {unknown}
 i - 2 scrolls of magic mapping
 k - a scroll of blinking {unknown}
 o - 2 scrolls of remove curse {unknown}
 q - 2 scrolls of fog
 s - a scroll of amnesia {unknown}
 u - a scroll of enchant weapon {unknown}
Potions
 d - 15 potions of blood
 n - 3 potions of curing
 t - 2 potions of degeneration
Books
 c - a book of Maledictions

   Spells                             Type                      Level
   a - Corona                         Hexes                        1
   b - Ensorcelled Hibernation        Hexes/Ice                    2
   c - Confuse                        Hexes                        3
   d - Tukima's Dance                 Hexes                        3
   e - Dazzling Spray                 Conjuration/Hexes            3


   Skills:
 + Level 2.1 Short Blades
 - Level 0.2 Throwing
 + Level 2.7 Dodging
 + Level 5.2 Stealth
 - Level 2.3 Spellcasting
 + Level 5.5 Hexes


You had 6 spell levels left.
You knew the following spells:

 Your Spells              Type           Power        Failure   Level  Hunger
a - Corona                Hex            ####...      1%          1    #......


Dungeon Overview and Level Annotations

Branches:
Dungeon (3/15)

Altars:

Annotations:
D:3 zaxin's ghost, amateur GrFi


Innate Abilities, Weirdness & Mutations

You have razor-sharp teeth.
You have supernaturally acute eyesight. (SInv)
You can survive without breathing.


Message History

You hit the orc.
The orc is lightly wounded.
The jackal barely misses you. The jackal bites you.
* * * LOW HITPOINT WARNING * * *
You hit the orc.
The orc is heavily wounded.
The ooze closely misses you. The orc closely misses you.
The jackal closely misses you.
You hit the orc.
The orc is severely wounded.
The ooze closely misses you. The jackal bites you.
* * * LOW HITPOINT WARNING * * *
The orc hits you with a flail.
* * * LOW HITPOINT WARNING * * *
You hit the orc.
The orc is almost dead.
The jackal closely misses you. The ooze hits you.
* * * LOW HITPOINT WARNING * * *
The orc hits you with a flail.
You die...

..###########.........
....#.........########
..............####
.................#
####.#.#########.#
#........# ##.#####
#........# #......#
#........# #†oh...#
########## #†@J...#
########


You could see an ooze, an orc and a jackal.

Vanquished Creatures
  An adder (D:2)
  A shadow imp (D:3)
  2 oozes (D:1)
  A dart slug (D:1)
  2 leopard geckos (D:1)
  2 orcs (D:2)
  3 giant cockroaches
  5 hobgoblins
  4 jackals
  3 kobolds
  2 quokkas (D:2)
  2 ball pythons (D:2)
  4 bats
  5 frilled lizards
  4 goblins
  8 rats
49 creatures vanquished.

Notes
Turn   | Place    | Note
-------+----------+-------------------------------------------
     0 | D:1      | Fortress the Vampire Enchanter began the quest for the Orb.
     0 | D:1      | Reached XP level 1. HP: 13/13 MP: 3/3
   135 | D:2      | Reached XP level 2. HP: 16/19 MP: 5/5
   337 | D:1      | Reached skill level 5 in Hexes
   734 | D:1      | Reached XP level 3. HP: 24/24 MP: 6/6
  1176 | D:2      | Found a faded altar of an unknown god.
  1417 | D:2      | Reached skill level 5 in Stealth
  1634 | D:2      | Reached XP level 4. HP: 21/30 MP: 5/7
  1822 | D:3      | Noticed zaxin's ghost (amateur GrFi)
  1828 | D:2      | HP: 1/30 [jackal (2)]
  1842 | D:2      | Slain by an orc

Skill      XL: |  1  2  3 |
---------------+----------+-----
Hexes          | 5 |  5.5
Stealth        | 5 |  5.2
Short Blades   | 2 |  2.1
Throwing       | |  0.2
Dodging        | |  2.7
Spellcasting   | |  2.3

Action                   |  1- 3 |  4- 6 || total
-------------------------+-------+-------++-------
Melee: Dagger            |   156 |    18 ||   174
       Bite              |     9 |     2 ||    11
Throw: Stone             |     7 |       ||     7
 Cast: Corona            |    20 |     6 ||    26
  Use: Scroll            |     3 |     1 ||     4
       Potion            |     3 |     4 ||     7
 Stab: Sleeping          |    11 |       ||    11
Armor: Leather armour    |    31 |    23 ||    54
Dodge: Dodged            |    97 |    52 ||   149
